 Dungeon Crawl Stone Soup version 0.30-a0-159-g068b764562 (webtiles) character file.

Game seed: 8822627085383076582

18 KennySheep the Slasher (level 2, 0/17 HPs)
             Began as a Tengu Gladiator on Sept 27, 2022.
             Slain by a hobgoblin (1 damage)
             ... on level 1 of the Dungeon.
             The game lasted 00:01:37 (351 turns).

KennySheep the Slasher (Tengu Gladiator)             Turns: 351, Time: 00:01:37

Health: 0/17       AC:  3    Str: 14    XL:     2   Next: 70%
Magic:  3/3        EV: 13    Int:  8    God:
Gold:   32         SH:  0    Dex: 15    Spells: 1/1 levels left

rFire   . . .      SeeInvis .    a - +0 long sword
rCold   . . .      Faith    .    (no shield)
rNeg    . . .      Spirit   .    b - +0 leather armour
rPois   .          Reflect  .    c - +0 hat
rElec   .          Harm     .    (no cloak)
rCorr   .          Rampage  .    (no gloves)
Will    .....                    (boots unavailable)
Stlth   +.........               (no amulet)
HPRegen 0.05/turn                (no ring)
MPRegen 0.08/turn                (no ring)

@: brilliant, weak-willed
A: beak, talons 3
a: no special abilities


You were on level 1 of the Dungeon.
You visited 1 branch of the dungeon, and saw 1 of its levels.

You collected 32 gold pieces.

Inventory:

Hand Weapons
 a - a +0 long sword (weapon)
Missiles
 d - 3 throwing nets (quivered)
 e - a javelin
Armour
 b - a +0 leather armour (worn)
 c - a +0 hat (worn)
 g - an orb of energy
Scrolls
 f - a scroll of amnesia {unknown}
 i - a scroll of vulnerability
 j - a scroll of poison {unknown}
 k - a scroll of fear {unknown}


   Skills:
 + Level 2.2 Fighting
 * Level 3.7 Long Blades
 - Level 2.0 Throwing
 + Level 3.5 Dodging
 + Level 0.9 Stealth


You had one spell level left.
You didn't know any spells.
Your spell library was empty.

Dungeon Overview and Level Annotations

Branches:
Dungeon (1/15)

Altars:


Innate Abilities, Weirdness & Mutations

You have a beak for a mouth.
You have claws for feet.


Message History

The dart slug launches a dart at you. The slug dart hits you.
Found a robe and a hand axe.
The dart slug launches a dart at you. The slug dart hits you.
A hobgoblin comes into view.
Found 2 boomerangs.
The dart slug closely misses you.
You hit the dart slug. You peck the dart slug.
The dart slug is severely wounded.
The hobgoblin shouts!
The dart slug launches a dart at you. The slug dart hits you.
You slash the dart slug!
You kill the dart slug!
The rat closely misses you. The rat bites you.
* * * LOW HITPOINT WARNING * * *
The hobgoblin hits you.
* * * LOW HITPOINT WARNING * * *
The hobgoblin barely misses you.
You see here a brown potion.
The rat attacks as you move away! The rat barely misses you.
It was a potion of brilliance.
You feel clever all of a sudden.
The hobgoblin hits you but does no damage.
You aren't carrying any potions.
Unknown command.
Okay, then.
You hit the hobgoblin but do no damage. You claw the hobgoblin.
Your peck misses the hobgoblin.
The hobgoblin is moderately wounded.
The hobgoblin hits you.
* * * LOW HITPOINT WARNING * * *
You slash the hobgoblin!
You kill the hobgoblin!
You hit the hobgoblin but do no damage. The hobgoblin hits you.
* * * LOW HITPOINT WARNING * * *
As you read the scroll labelled SEMUWNORRELE, it crumbles to dust.
Magic quickly surges around you.
It was a scroll of vulnerability.
The hobgoblin hits you.
You die...

#..##...÷.....#.#. ..
########.................
.........................##.
....#######.###....##...#.#
....# #.###....###..##.#
#...#### #...####.# #..##.#
#......# ###...##.# #..##..
#.†.#######..#. #.#.##.
######.r.g@.....#.###.#.##.
#[......#######..........##
#.............[...........#
#.......#######.....)....##
#......... ...........###(
(..##.#.### ##.........###.
.## .)#.. #..........#..
.#.#.# #.........##.# #. #.
#.........##.#


You could see a hobgoblin (weak-willed) and a rat (weak-willed).

Vanquished Creatures
  A dart slug (D:1)
  2 ball pythons (D:1)
  An endoplasm (D:1)
  A giant cockroach (D:1)
  A goblin (D:1)
  A hobgoblin (D:1)
  2 quokkas (D:1)
  A bat (D:1)
  A frilled lizard (D:1)
  4 kobolds (D:1)
  A rat (D:1)
16 creatures vanquished.

Notes
Turn   | Place    | Note
-------+----------+-------------------------------------------
     0 | D:1      | KennySheep the Tengu Gladiator began the quest for the Orb.
     0 | D:1      | Reached XP level 1. HP: 12/12 MP: 2/2
    36 | D:1      | Reached XP level 2. HP: 16/17 MP: 3/3
   351 | D:1      | Slain by a hobgoblin

Illustrated notes

Levels and vault maps discovered:
D:1:      dpeg_arrival_simpleton_a, layout_rooms, interstate_on_off

Action                   || total
-------------------------++-------
Melee: Long sword        ||    33
       Kick              ||     6
       Peck              ||     3
  Use: Scroll            ||     1
       Potion            ||     1
 Stab: Sleeping          ||     1
Armor: Leather armour    ||     9
Dodge: Dodged            ||    19

Table legend: (Time is in decaauts)
 A = Elapsed time spent in this place.
 B = Non-inter-level travel time spent in this place.
 C = Inter-level travel time spent in this place.
 D = Time resting spent in this place.
 E = Time spent auto-exploring this place.
 F = Levels seen in this place.
 G = Mean time per level.
                   A        B        C        D        E       F      G
               +--------+--------+--------+--------+--------+-----+--------+
         Total |    358 |    358 |      0 |    136 |    129 |   1 |  358.0 |
       Dungeon |    358 |    358 |      0 |    136 |    129 |   1 |  358.0 |
               +--------+--------+--------+--------+--------+-----+--------+

Top non-repeatable levels by time:
     D:1: 358 daAuts
